ESL (28 & UNDER)
KINGSTON IGUANAS @ BUFFALO LIGHTSABRES
06/07/2026
 
TOP OF THE 1ST
Kingston Iguanas batting - Pitching for Buffalo LightSabres : RHP Jorge Gómez
Pitching: RHP Jorge Gómez
Batting: RHB Tim Davis 0-0: Called Strike
0-1: Ball
1-1: Foul Ball, location: 2F
1-2: Ball
2-2: Foul Ball, location: 2F
2-2: Ground out 5-3 (Groundball, 5L)
Batting: LHB Juan Romero 0-0: Fly out, F3 (Popup, 3SF)
Batting: LHB Mike Godfrey 0-0: Ground out 3-1 (Groundball, 34S)
Top of the 1st over - 0 run(s), 0 hit(s), 0 error(s), 0 left on base; Kingston 0 - Buffalo 0
BOTTOM OF THE 1ST
Buffalo LightSabres batting - Pitching for Kingston Iguanas : RHP Fernando Castillo
Pitching: RHP Fernando Castillo
Batting: RHB José Pérez 0-0: Fly out, F9 (Flyball, 89S)
Batting: LHB Chris Loudermilk 0-0: Foul Ball, location: 2F
0-1: Ball
1-1: Ball
2-1: Swinging Strike
2-2: Foul Ball, location: 2F
2-2: Ball
3-2: Base on Balls
Batting: SHB Barrett Bowden 0-0: Called Strike
0-1: Called Strike
0-2: Ball
1-2: Strikes out looking
Batting: LHB Paul Alston 0-0: SINGLE (Line Drive, 8RS)
Chris Loudermilk to second
Batting: SHB Brian Price 0-0: Called Strike
0-1: Ball
1-1: Foul Ball, location: 2F
1-2: Hit by Pitch
Chris Loudermilk to third
Paul Alston to second
Batting: LHB Sixto Cortés 0-0: Foul Ball, location: 2F
0-1: Ball
1-1: SINGLE (Groundball, 34)
Chris Loudermilk scores
Paul Alston to third
Brian Price to second
Runner from 3rd tries for Home, SAFE, throw made home
Brian Price to third
Sixto Cortés to second
Batting: SHB Jason Mason 0-0: Ball
Wild Pitch!
Brian Price scores
Sixto Cortés to third
1-0: Ball
Passed Ball!
Sixto Cortés scores
2-0: Called Strike
2-1: Foul Ball, location: 2F
2-2: Strikes out swinging
Bottom of the 1st over - 4 run(s), 2 hit(s), 0 error(s), 0 left on base; Kingston 0 - Buffalo 4
TOP OF THE 2ND
Kingston Iguanas batting - Pitching for Buffalo LightSabres : RHP Jorge Gómez
Batting: RHB Luis Aguilar 0-0: Called Strike
0-1: Swinging Strike
0-2: Ball
1-2: Ball
2-2: Strikes out looking
Batting: RHB Diego Francisco 0-0: Called Strike
0-1: Ball
1-1: Swinging Strike
1-2: Ball
2-2: Strikes out swinging
Batting: LHB Tom Young 0-0: Ground out U3 (Groundball, 3)
Top of the 2nd over - 0 run(s), 0 hit(s), 0 error(s), 0 left on base; Kingston 0 - Buffalo 4
BOTTOM OF THE 2ND
Buffalo LightSabres batting - Pitching for Kingston Iguanas : RHP Fernando Castillo
Batting: RHB Peter Dixon 0-0: Called Strike
0-1: Ball
1-1: Ground out 5-3 (Groundball, 15S)
Batting: LHB Craig Kenney 0-0: SINGLE (Groundball, 56D)
Batting: RHB José Pérez 0-0: Ball
Craig Kenney steals 2nd base
1-0: Called Strike
1-1: Called Strike
1-2: SINGLE (Flyball, 9LS)
Craig Kenney to third
Runner from 3rd tries for Home, SAFE, no throw or cutoff
Batting: LHB Chris Loudermilk 0-0: Foul Ball, location: 2F
0-1: Grounds into double play, 6-4-3 (Groundball, 6M)
Bottom of the 2nd over - 1 run(s), 2 hit(s), 0 error(s), 0 left on base; Kingston 0 - Buffalo 5
TOP OF THE 3RD
Kingston Iguanas batting - Pitching for Buffalo LightSabres : RHP Jorge Gómez
Batting: LHB Poto Vasilini 0-0: SINGLE (Line Drive, 78S)
Batting: RHB Ken MacDonald 0-0: Called Strike
0-1: Swinging Strike
0-2: Ball
1-2: Ball
2-2: Foul Ball, location: 2F
2-2: Ball
3-2: Base on Balls
Poto Vasilini to second
Batting: LHB Will Holt 0-0: Called Strike
0-1: Ball
1-1: Ball
2-1: Ball
3-1: Foul Ball, location: 2F
3-2: Strikes out looking
Batting: RHB Tim Davis 0-0: Called Strike
0-1: Ball
1-1: Ball
2-1: Foul Ball, location: 2F
2-2: Ball
Passed Ball!
Poto Vasilini to third
Ken MacDonald to second
3-2: Base on Balls
Batting: LHB Juan Romero 0-0: Ball
1-0: Ball
2-0: SINGLE (Groundball, 2L) (infield hit)
Poto Vasilini scores
Ken MacDonald to third
Tim Davis to second
Batting: LHB Mike Godfrey 0-0: Ball
1-0: Foul Ball, location: 2F
1-1: Foul Ball, location: 2F
1-2: Fly out, F8 (Flyball, 8LXD)
Runner from 3rd tags up, SCORES, no throw
Tim Davis to third
Batting: RHB Luis Aguilar 0-0: Ball
1-0: 3-RUN HOME RUN (Flyball, 9D), Distance : 389 ft
Batting: RHB Diego Francisco 0-0: Ball
1-0: Called Strike
1-1: Ball
2-1: Foul Ball, location: 2F
2-2: Fly out, F8 (Flyball, 8LM)
Top of the 3rd over - 5 run(s), 3 hit(s), 0 error(s), 0 left on base; Kingston 5 - Buffalo 5
BOTTOM OF THE 3RD
Buffalo LightSabres batting - Pitching for Kingston Iguanas : RHP Fernando Castillo
Batting: SHB Barrett Bowden 0-0: Ball
1-0: Foul Ball, location: 2F
1-1: Foul Ball, location: 2F
1-2: Strikes out swinging
Batting: LHB Paul Alston 0-0: SINGLE (Groundball, 34D)
Batting: SHB Brian Price 0-0: Called Strike
0-1: Ball
Paul Alston steals 2nd base
1-1: Fly out, F9 (Flyball, 9M)
Batting: LHB Sixto Cortés 0-0: DOUBLE (Flyball, 8RXD)
Paul Alston scores
Batting: SHB Jason Mason 0-0: Called Strike
0-1: Foul Ball, location: 2F
0-2: Ball
1-2: Foul Ball, location: 2F
1-2: Strikes out swinging
Bottom of the 3rd over - 1 run(s), 2 hit(s), 0 error(s), 1 left on base; Kingston 5 - Buffalo 6
TOP OF THE 4TH
Kingston Iguanas batting - Pitching for Buffalo LightSabres : RHP Jorge Gómez
Batting: LHB Tom Young 0-0: Fly out, F7 (Flyball, 78M)
Batting: LHB Poto Vasilini 0-0: Ball
1-0: Swinging Strike
1-1: Called Strike
1-2: Strikes out looking
Batting: RHB Ken MacDonald 0-0: Ball
1-0: Swinging Strike
1-1: Ball
2-1: Fly out, F8 (Flyball, 78M)
Top of the 4th over - 0 run(s), 0 hit(s), 0 error(s), 0 left on base; Kingston 5 - Buffalo 6
BOTTOM OF THE 4TH
Buffalo LightSabres batting - Pitching for Kingston Iguanas : RHP Fernando Castillo
Batting: RHB Peter Dixon 0-0: Ball
1-0: Called Strike
1-1: Ball
2-1: SINGLE (Line Drive, 56)
Batting: LHB Craig Kenney 0-0: Ball
1-0: SINGLE (Groundball, 4MD)
Peter Dixon to second
Runner from 2nd tries for 3rd, OUT!
Craig Kenney to second
Batting: RHB José Pérez 0-0: Ball
Craig Kenney steals 3rd base
1-0: Swinging Strike
1-1: Ball
2-1: SINGLE (Line Drive, 4D)
Craig Kenney scores
Pitching: RHP Chip Cole
Batting: LHB Chris Loudermilk 0-0: Called Strike
0-1: Ball
1-1: DOUBLE (Line Drive, 7M)
José Pérez to third
Batting: SHB Barrett Bowden 0-0: Ball
1-0: Ground out 4-3 (Groundball, 4M)
José Pérez scores
Chris Loudermilk to third
Batting: LHB Paul Alston 0-0: Ball
1-0: Swinging Strike
1-1: Ground out 4-3 (Groundball, 4)
Bottom of the 4th over - 2 run(s), 4 hit(s), 0 error(s), 1 left on base; Kingston 5 - Buffalo 8
TOP OF THE 5TH
Kingston Iguanas batting - Pitching for Buffalo LightSabres : RHP Jorge Gómez
Batting: LHB Will Holt 0-0: TRIPLE (Line Drive, 89XD)
Batting: RHB Tim Davis 0-0: Ball
1-0: Foul Ball, location: 2F
1-1: SINGLE (Groundball, 6M)
Will Holt scores
Batting: LHB Juan Romero 0-0: Called Strike
Tim Davis steals 2nd base
0-1: Ground out 3-1 (Groundball, 34)
Tim Davis to third
Pitching: RHP Gavin Robbins
Batting: LHB Mike Godfrey 0-0: Ground out 4-3 (Groundball, 4)
Tim Davis scores
Batting: RHB Luis Aguilar 0-0: Ball
1-0: Ball
2-0: Ball
3-0: Called Strike
3-1: Called Strike
3-2: Ground out 6-3 (Groundball, 6M)
Top of the 5th over - 2 run(s), 2 hit(s), 0 error(s), 0 left on base; Kingston 7 - Buffalo 8
BOTTOM OF THE 5TH
Buffalo LightSabres batting - Pitching for Kingston Iguanas : RHP Chip Cole
Batting: SHB Brian Price 0-0: Ground out 4-3 (Groundball, 4)
Batting: LHB Sixto Cortés 0-0: Called Strike
0-1: Ball
1-1: Swinging Strike
1-2: Ball
2-2: Strikes out swinging
Batting: SHB Jason Mason 0-0: Swinging Strike
0-1: Ball
1-1: Ball
2-1: Foul Ball, location: 2F
2-2: Strikes out swinging
Bottom of the 5th over - 0 run(s), 0 hit(s), 0 error(s), 0 left on base; Kingston 7 - Buffalo 8
TOP OF THE 6TH
Kingston Iguanas batting - Pitching for Buffalo LightSabres : RHP Gavin Robbins
Batting: RHB Diego Francisco 0-0: Ball
1-0: Ball
2-0: Ball
3-0: Called Strike
3-1: DOUBLE (Flyball, 8LXD) - OUT at third base trying to stretch hit.
Batting: LHB Tom Young 0-0: SINGLE (Line Drive, 4D)
Batting: LHB Poto Vasilini 0-0: Ball
1-0: Fielders Choice at 2nd, 6-4 (Groundball, 6M)
Batting: RHB Ken MacDonald 0-0: Ball
1-0: Ball
2-0: Foul Ball, location: 2F
2-1: Called Strike
2-2: Ground out 2-3 (Groundball, 2L)
Top of the 6th over - 0 run(s), 2 hit(s), 0 error(s), 1 left on base; Kingston 7 - Buffalo 8
BOTTOM OF THE 6TH
Buffalo LightSabres batting - Pitching for Kingston Iguanas : RHP Chip Cole
Batting: RHB Peter Dixon 0-0: Ball
1-0: Ball
2-0: SINGLE (Groundball, 6MD)
Batting: LHB Craig Kenney 0-0: Ball
1-0: Called Strike
1-1: Called Strike
1-2: Ball
2-2: Strikes out swinging
Batting: RHB José Pérez 0-0: Called Strike
0-1: Ball
Wild Pitch!
Peter Dixon to second
1-1: Ball
2-1: Ball
3-1: Ground out 6-3 (Groundball, 6M)
Peter Dixon to third
Batting: LHB Chris Loudermilk 0-0: Called Strike
0-1: SINGLE (Line Drive, 9S)
Peter Dixon scores
Batting: SHB Barrett Bowden 0-0: Fly out, F8 (Flyball, 78M)
Bottom of the 6th over - 1 run(s), 2 hit(s), 0 error(s), 1 left on base; Kingston 7 - Buffalo 9
TOP OF THE 7TH
Kingston Iguanas batting - Pitching for Buffalo LightSabres : RHP Gavin Robbins
Batting: LHB Will Holt 0-0: Ground out U3 (Groundball, 3)
Pitching: RHP Pat Jackson
Batting: RHB Tim Davis 0-0: Ball
1-0: Foul Ball, location: 2F
1-1: Ground out 6-3 (Groundball, 6M)
Batting: LHB Juan Romero 0-0: SINGLE (Groundball, 4M)
Batting: LHB Mike Godfrey 0-0: Ball
1-0: Fly out, F8 (Flyball, 8LD)
Top of the 7th over - 0 run(s), 1 hit(s), 0 error(s), 1 left on base; Kingston 7 - Buffalo 9
BOTTOM OF THE 7TH
Buffalo LightSabres batting - Pitching for Kingston Iguanas : RHP Chip Cole
Pitching: LHP Joe Hazelwood
Batting: LHB Paul Alston 0-0: Called Strike
0-1: Swinging Strike
0-2: Ball
1-2: Foul Ball, location: 2F
1-2: Foul Ball, location: 2F
1-2: Ball
2-2: Ball
3-2: Base on Balls
Batting: SHB Brian Price 0-0: Ball
1-0: Ground out 4-3 (Groundball, 4M)
Paul Alston to second
Batting: LHB Sixto Cortés 0-0: Intentional Walk
Batting: SHB Jason Mason 0-0: Swinging Strike
0-1: Foul Ball, location: 2F
0-2: Ball
1-2: Strikes out swinging
Batting: RHB Peter Dixon 0-0: Called Strike
0-1: SINGLE (Groundball, 6MD)
Paul Alston to third
Sixto Cortés to second
Runner from 3rd tries for Home, SAFE, no throw or cutoff
Batting: LHB Craig Kenney 0-0: Called Strike
0-1: Ball
1-1: Ball
2-1: DOUBLE (Flyball, 8RXD)
Sixto Cortés scores
Peter Dixon to third
Runner from 3rd tries for Home, SAFE, no throw or cutoff
Pitching: RHP Vic Bradshaw
Batting: RHB José Pérez 0-0: Ground out 4-3 (Groundball, 4)
Bottom of the 7th over - 3 run(s), 2 hit(s), 0 error(s), 1 left on base; Kingston 7 - Buffalo 12
TOP OF THE 8TH
Kingston Iguanas batting - Pitching for Buffalo LightSabres : RHP Pat Jackson
Now in LF: Pedro Carranza
Batting: RHB Luis Aguilar 0-0: Foul Ball, location: 2F
0-1: Ball
1-1: Foul Ball, location: 2F
1-2: Strikes out swinging
Batting: RHB Diego Francisco 0-0: Foul Ball, location: 2F
0-1: Swinging Strike
0-2: Foul Ball, location: 2F
0-2: Strikes out swinging
Batting: LHB Tom Young 0-0: Called Strike
0-1: DOUBLE (Groundball, 3L)
Batting: LHB Poto Vasilini 0-0: Ball
1-0: DOUBLE (Line Drive, 9LM)
Tom Young scores
Batting: RHB Ken MacDonald 0-0: Ball
1-0: Ball
2-0: Called Strike
2-1: Ball
3-1: Foul Ball, location: 2F
3-2: Foul Ball, location: 2F
3-2: Fly out, F9 (Flyball, 89S)
Top of the 8th over - 1 run(s), 2 hit(s), 0 error(s), 1 left on base; Kingston 8 - Buffalo 12
BOTTOM OF THE 8TH
Buffalo LightSabres batting - Pitching for Kingston Iguanas : RHP Vic Bradshaw
Batting: LHB Chris Loudermilk 0-0: Ball
1-0: Ball
2-0: Foul Ball, location: 2F
2-1: Swinging Strike
2-2: Fly out, F6 (Line Drive, 6)
Batting: SHB Barrett Bowden 0-0: Ball
1-0: Ball
2-0: Ball
3-0: Base on Balls
Batting: LHB Paul Alston 0-0: Called Strike
0-1: Foul Ball, location: 2F
0-2: Ball
1-2: Ball
Wild Pitch!
Barrett Bowden to second
2-2: Strikes out swinging
Batting: SHB Brian Price 0-0: Foul Ball, location: 2F
0-1: Ball
1-1: Ball
2-1: Fly out, F9 (Flyball, 89M)
Bottom of the 8th over - 0 run(s), 0 hit(s), 0 error(s), 1 left on base; Kingston 8 - Buffalo 12
TOP OF THE 9TH
Kingston Iguanas batting - Pitching for Buffalo LightSabres : RHP Pat Jackson
Batting: LHB Will Holt 0-0: Foul Ball, location: 2F
0-1: Ball
1-1: Foul Ball, location: 2F
1-2: Ball
2-2: Fly out, F8 (Line Drive, 8RM)
Batting: RHB Tim Davis 0-0: Called Strike
0-1: Foul Ball, location: 2F
0-2: Ball
1-2: Ball
2-2: Ball
3-2: Fly out, F3 (Popup, 3S)
Batting: LHB Juan Romero 0-0: Ball
1-0: Called Strike
1-1: Called Strike
1-2: Ball
2-2: Foul Ball, location: 2F
2-2: Ball
3-2: Foul Ball, location: 2F
3-2: Foul Ball, location: 2F
3-2: Ground out 6-3 (Groundball, 6)
Top of the 9th over - 0 run(s), 0 hit(s), 0 error(s), 0 left on base; Kingston 8 - Buffalo 12
Monday, December 5th, 2016 - OOTP Baseball 17.12 Build 75